 Dungeon Crawl Stone Soup version 0.29.0-13-gc9e81de378 (webtiles) character file.

Game seed: 13413484909211174648

242391 SnakkuSnakku7 the Severer (level 21, -26/198 HPs)
             Began as a Meteoran Berserker on Sept 8, 2022.
             Was a High Priest of Trog.
             Annihilated by a rockslime (30 damage)
             ... created by the Royal Jelly
             ... on level 5 of the Pits of Slime on Sept 9, 2022.
             The game lasted 01:03:29 (13720 turns).

SnakkuSnakku7 the Severer (Meteoran Berserker)     Turns: 13720, Time: 01:03:29

Health: -26/198    AC: 17    Str: 26    XL:     21   Next: 0%
Magic:  0/37       EV: 13    Int: 18    God:    Trog [*****.]
Gold:   407        SH: 15    Dex: 18    Spells: 20/20 levels left

rFire   . . .      SeeInvis +   b - +4 broad axe (flame)
rCold   . . .      Faith    .   t - +1 kite shield {rN+}
rNeg    + . .      Spirit   +   K - +2 plate armour {rPois}
rPois   +          Reflect  .   M - +2 helmet {SInv}
rElec   +          Harm     .   C - +2 cloak
rCorr   +          Rampage  .   N - +1 pair of gloves of Poor Excuses {rElec Will+ Int+8}
Will    +++..                   h - +0 pair of boots
Stlth   ..........              J - amulet of guardian spirit
HPRegen 0.43/turn               I - ring of resist corrosion
MPRegen 0.25/turn               F - ring of magical power

@: engulfed (cannot breathe), corroded, on berserk cooldown, hasted and slowed,
glowing, studying Long Blades, unable to read
A: sense surroundings 3, otherworldly, glowing, explore regen, deterioration 1,
screaming 1, inability to read after injury 1
}: 2/15 runes: decaying, serpentine
a: Renounce Religion, Berserk, Trog's Hand, Brothers in Arms


You were on level 5 of the Pits of Slime.
You worshipped Trog.
Trog was extremely pleased with you.
You visited 7 branches of the dungeon, and saw 33 of its levels.

You collected 2762 gold pieces.
You spent 2355 gold pieces at shops.

Inventory:

Hand Weapons
 a - a +4 vorpal battleaxe
 b - a +4 broad axe of flaming (weapon)
 v - a +6 executioner's axe
Missiles
 n - 6 throwing nets (quivered)
 H - 3 curare-tipped darts
Armour
 h - a +0 pair of boots (worn)
 t - a +1 kite shield of positive energy (worn)
 C - a +2 cloak (worn)
 K - a +2 plate armour of poison resistance (worn)
 M - a +2 helmet of see invisible (worn)
 N - the +1 pair of gloves of Poor Excuses (worn) {rElec Will+ Int+8}
   (You bought it in a shop on level 1 of the Snake Pit)

   Int:       It affects your intelligence (+8).
   rElec:     It insulates you from electricity.
   Will:      It increases your willpower.
Jewellery
 e - an amulet of reflection
 s - a ring of protection from fire
 F - a ring of magical power (right hand)
 I - a ring of resist corrosion (left hand)
 J - an amulet of guardian spirit (around neck)
 R - a ring of poison resistance
 S - an amulet of magic regeneration
Wands
 c - a wand of quicksilver (9)
 g - a wand of charming (18)
 k - a wand of polymorph (19)
 q - a wand of digging (6)
 r - a wand of mindburst (29)
 y - a wand of flame (24)
 z - a wand of iceblast (13)
Scrolls
 i - 7 scrolls of teleportation
 l - 5 scrolls of identify
 x - 4 scrolls of fog
 B - 2 scrolls of magic mapping
 E - a scroll of blinking
 L - 2 scrolls of poison
 O - a scroll of brand weapon
Potions
 d - 3 potions of haste
 f - 6 potions of magic
 j - 2 potions of flight
 m - 10 potions of curing
 u - 7 potions of might
 w - 5 potions of attraction
 A - 6 potions of resistance
 D - 2 potions of berserk rage
 G - 4 potions of mutation
Miscellaneous
 o - a phantom mirror
 P - a condenser vane (inert)
 Q - a tin of tremorstones (inert)


   Skills:
 + Level 19.2 Fighting
 - Level 20.0 Axes
 - Level 20.0 Armour
 - Level 10.0 Dodging
 - Level 15.0 Shields
 - Level 8.2 Invocations
 - Level 10.0 Evocations


You had 20 spell levels left.
You didn't know any spells.
Your spell library was empty.

Dungeon Overview and Level Annotations

Branches:
Dungeon (12/15) Zot: 1804  Temple (0/1) D:4            Lair (5/5) D:10 Zot: 599
  Swamp (4/4) Lair:3 Zot: 351   Snake (4/4) Lair:3 Zot: 231   Slime (5/5) Lair:5 Zot: 2029
    Orc (2/2) D:12 Zot: 584     Elf (1/3) Orc:2 Zot: 595

Altars:
Cheibriados
Fedhas
Gozag
Qazlal
Wu Jian
Jiyva

Shops:
D:2 (   D:11 *   D:12 !   Orc:2 ((*[**   Snake:1 [!*   Snake:2 **

Annotations:
Snake:2 3 runed translucent doors, exclusion: obsidian statue, Dittersdorf's ghost, adept MiBe
Slime:5 Royal Jelly


Innate Abilities, Weirdness & Mutations

You passively map a large area around you.
You are easily found by Zot.
You glow in the dark.
You regain HP and MP as you explore.
Your body sometimes deteriorates upon taking damage.
You occasionally shout uncontrollably at your foes.
You occasionally lose the ability to read scrolls when taking damage.


Message History

* * * LOW HITPOINT WARNING * * *
Your lungs strain for air!
The quicksilver ooze hits you.
The quicksilver ooze hits you but does no damage.
The acid blob is engulfed in blazing flames.
The acid blob hits you!
* * * LOW HITPOINT WARNING * * *
You are splashed with acid.
You resist.
* * * LOW HITPOINT WARNING * * *
The azure jelly is engulfed in blazing flames.
The rockslime hits you but does no damage.
You cannot read scrolls in your current state!
You feel much better.
* * * LOW HITPOINT WARNING * * *
Your lungs strain for air!
The quicksilver ooze hits you!
* * * LOW HITPOINT WARNING * * *
You block the quicksilver ooze's attack.
The Royal Jelly is engulfed in blazing flames.
The acid blob is engulfed in blazing flames.
The acid blob spits acid at you. The splash of acid hits you! You resist.
* * * LOW HITPOINT WARNING * * *
The acid corrodes you!
The rockslime hits you but does no damage.
The azure jelly is engulfed in blazing flames.
You block the quicksilver ooze's attack.
The quicksilver ooze closely misses you.
Okay, then.
Aiming: Phantom Mirror
Press: ? - help, Dir - move target, f/p - Royal Jelly
Aim: the Royal Jelly (flame, almost dead) Nothing appears to happen.
* * * LOW HITPOINT WARNING * * *
Your lungs strain for air!
The Royal Jelly is engulfed in blazing flames.
The Royal Jelly shudders.
The Royal Jelly spits out another jelly.
The rockslime hits you!!
You die...

........# ** , ** ###.......
......... #...#._..#...#.........
........# J#........#...#.......
........# *####..######*#.......
........# #}#J##}#?!# #.......
........# , ,##JJ##$) , #.......
........## ##J#) ,,##.......
.........##, *#JJ# ,##........
..........## #@## ,##.........
...........## #JJ# ##..........
............#####.####...........
.................................
.................................
.................................
.................................
.................................
.................................


You could see the Royal Jelly, 2 acid blobs, 2 azure jellies, 3 rockslimes and a
quicksilver ooze.

Vanquished Creatures
  Vashnia (Snake:2)
  Asterion (Snake:2)
  16 acid blobs
  A thorn hunter (Swamp:4)
  7 nagarajas (Snake:4)
  4 rockslimes
  6 azure jellies
  The ghost of Tiocfaidh the Bludgeoner, a journeyman HuCK of Xom (Swamp:1)
  6 quicksilver oozes
  Nessos (Lair:5)
  4 bunyips
  3 eleionomae
  2 fire dragons
  A shambling mangrove (Swamp:4)
  4 great orbs of eyes
  2 salamander tyrants
  A rakshasa (D:12)
  5 boulder beetles
  Harold (Lair:1)
  21 hydras
  4 ghost crabs
  Erolcha (D:11)
  13 naga warriors
  15 two-headed ogres
  4 ogre magi (Orc:2)
  A centaur warrior (D:12)
  A catoblepas (Lair:1)
  10 anacondas
  8 alligators
  2 tengu warriors (D:12)
  A dancing weapon (Orc:2)
  2 orc high priests (Orc:2)
  13 naga sharpshooters
  2 shock serpents
  A spriggan berserker (Swamp:4)
  Sonja (Lair:2)
  A fire crab (Lair:5)
  Lodul (D:11)
  A spectral bunyip (Swamp:1)
  4 spriggan druids
  3 goliath frogs (Swamp:3)
  4 salamander mystics
  7 swamp dragons
  2 lindwurms (Lair:5)
  9 bog bodies
  7 naga ritualists
  A harpy (shapeshifter) (D:12)
  5 mana vipers
  2 deep elf pyromancers
  5 shining eyes
  A will-o-the-wisp (Swamp:1)
  3 orc knights
  5 cyclopes
  4 ugly things (D:12)
  2 manticores (D:12)
  15 salamanders
  5 elephants (Lair:5)
  22 black mambas
  14 naga magi
  An eye of devastation (Slime:1)
  7 torpor snails
  9 guardian serpents
  2 gargoyles
  6 cane toads
  4 kobold demonologists
  A rime drake (Lair:5)
  A yaktaur (D:12)
  5 komodo dragons
  10 polar bears
  A bloated husk (Swamp:3)
  A meliai (D:12)
  10 tyrant leeches
  2 trolls
  12 hornets
  7 blink frogs (Lair:5)
  65 slime creatures
  5 spriggans
  An air elemental (Elf:1)
  3 shadows
  4 wyverns
  A centaur simulacrum (D:12)
  51 yaks
  A wraith (D:12)
  6 golden eyes
  17 vampire mosquitoes
  3 basilisks
  Grum (D:11)
  16 swamp worms
  3 steam dragons
  19 nagas
  6 acid dragons
  9 wargs
  17 hell hounds (Lair:5)
  9 swamp drakes
  7 water moccasins
  15 black bears
  13 orc warriors
  A sky beast (D:7)
  An ice beast (D:5)
  27 ogres
  29 wolves
  3 phantoms
  4 centaurs
  7 bullfrogs
  2 kobold brigands
  A necrophage (D:5)
  5 gnoll sergeants
  3 scorpions
  12 wights
  3 troll zombies (D:12)
  An electric eel (Lair:5)
  6 howler monkeys
  A jelly (D:10)
  A hound (D:7)
  8 orc priests
  A gnoll bouda (D:6)
  Crazy Yiuf (D:2)
  Ijyb (D:4)
  2 iguanas
  6 orc wizards
  5 ogre zombies (D:12)
  Robin (D:2)
  8 adders
  35 gnolls
  A white imp (D:7)
  8 worms
  30 orcs
  5 bats
  4 endoplasms
  2 giant cockroaches
  8 goblins
  6 hobgoblins
  4 jackals (D:1)
  18 kobolds
  5 quokkas
  7 ball pythons
  3 frilled lizards
  3 hobgoblin zombies (D:12)
  An orc skeleton (D:12)
  15 orc zombies (D:12)
  7 rats
943 creatures vanquished.

Vanquished Creatures (collateral kills)
  A yak (Lair:5)
1 creature vanquished.

Vanquished Creatures (others)
  An eleionoma (Swamp:4)
  A hydra (Swamp:4)
  A bog body (Swamp:1)
  A will-o-the-wisp (Swamp:2)
  3 bloated husks
  A tyrant leech (Swamp:3)
  A vampire mosquito (Swamp:1)
  A swamp drake (Swamp:4)
  An orc wizard (D:12)
  A gnoll (D:8)
  A goblin zombie (D:12)
  3 orc zombies (D:12)
  2 briar patches (Swamp:4)
  14 foxfires
  11 fungi
  57 plants
100 creatures vanquished.

Grand Total: 1044 creatures vanquished

Notes
Turn   | Place    | Note
-------+----------+-------------------------------------------
     0 | D:1      | SnakkuSnakku7 the Meteoran Berserker began the quest for
                  | the Orb.
     0 | D:1      | Reached XP level 1. HP: 19/19 MP: 2/2
   104 | D:1      | Reached XP level 2. HP: 22/26 MP: 3/3
   295 | D:1      | Reached XP level 3. HP: 26/31 MP: 4/4
   446 | D:2      | Reached skill level 5 in Axes
   537 | D:2      | Found a runed translucent door.
   538 | D:2      | Noticed Crazy Yiuf
   586 | D:2      | Killed Crazy Yiuf
   587 | D:2      | Reached XP level 4. HP: 38/38 MP: 5/5
   632 | D:2      | Found Zitatan's Antique Weapon Shop.
   651 | D:2      | Found a faded altar of an unknown god.
   679 | D:2      | Reached ** piety under Trog
   703 | D:2      | Reached XP level 5. HP: 38/45 MP: 6/6
   801 | D:2      | Noticed Robin
   811 | D:2      | Killed Robin
   887 | D:2      | Reached XP level 6. HP: 21/51 MP: 7/7
   997 | D:4      | Identified the +2 ring mail "Roedgh" {rC+}
  1558 | D:4      | You fall into a shaft and drop 2 floors!
  1595 | D:6      | Noticed a steam dragon
  1603 | D:6      | Reached XP level 7. HP: 48/54 MP: 8/8
  1605 | D:6      | Killed a steam dragon
  1611 | D:6      | Reached *** piety under Trog
  1615 | D:6      | Reached skill level 10 in Axes
  1615 | D:6      | Reached XP level 8. HP: 37/63 MP: 9/9
  1617 | D:5      | Entered Level 5 of the Dungeon
  1887 | D:5      | Gained mutation: You passively map the area around you.
                  | [Meteoran growth]
  1887 | D:5      | Reached XP level 9. HP: 37/70 MP: 10/10
  1960 | D:4      | Found a staircase to the Ecumenical Temple.
  1961 | D:4      | Noticed Ijyb
  1978 | D:4      | Killed Ijyb
  2195 | D:6      | Found a blossoming altar of Fedhas.
  2494 | D:7      | Reached XP level 10. HP: 64/77 MP: 11/11
  2586 | D:7      | Reached skill level 15 in Axes
  2904 | D:8      | Reached **** piety under Trog
  2913 | D:8      | Reached skill level 5 in Fighting
  2947 | D:8      | Noticed a boulder beetle
  2947 | D:8      | Noticed an efreet
  2948 | D:8      | Noticed a green ugly thing
  2948 | D:8      | Noticed a cyclops
  2949 | D:8      | Noticed a green ugly thing
  3194 | D:9      | Reached XP level 11. HP: 75/94 MP: 12/12
  3389 | D:8      | Identified the +1 plate armour "Buzacai" {rN+ rCorr}
  3397 | D:8      | Noticed a cyclops
  3642 | D:9      | Noticed a two-headed ogre
  3655 | D:9      | Killed a two-headed ogre
  3656 | D:9      | Reached skill level 10 in Fighting
  3692 | D:9      | Reached ***** piety under Trog
  3767 | D:9      | Noticed a soul eater
  3805 | D:10     | Entered Level 10 of the Dungeon
  3885 | D:10     | Found a staircase to the Lair.
  4120 | D:10     | Found a transporter.
  4160 | D:10     | Found a transporter.
  4189 | D:10     | Reached skill level 5 in Armour
  4258 | Lair:1   | Entered Level 1 of the Lair of Beasts
  4277 | Lair:1   | Reached XP level 12. HP: 92/112 MP: 10/13
  4312 | Lair:1   | Noticed Harold
  4325 | Lair:1   | Killed Harold
  4326 | Lair:1   | Noticed a catoblepas
  4337 | Lair:1   | Killed a catoblepas
  4528 | Lair:1   | Reached skill level 10 in Armour
  4629 | Lair:2   | Noticed Sonja
  4633 | Lair:2   | Killed Sonja
  4744 | Lair:3   | Found a staircase to the Snake Pit.
  4783 | Lair:4   | Found a stormy altar of Qazlal.
  4794 | Lair:4   | Reached XP level 13. HP: 107/118 MP: 14/14
  4845 | Lair:5   | Entered Level 5 of the Lair of Beasts
  4886 | Lair:5   | Reached skill level 5 in Dodging
  4916 | Lair:5   | Noticed Nessos
  4952 | Lair:5   | Killed Nessos
  5027 | Lair:5   | Found a runed translucent door.
  5027 | Lair:5   | Noticed a fire dragon
  5042 | Lair:5   | Killed a fire dragon
  5047 | Lair:5   | Received a gift from Trog
  5076 | Lair:5   | Reached skill level 10 in Dodging
  5236 | Lair:5   | Paralysed by a hornet for 1 turns
  5397 | Lair:5   | Reached XP level 14. HP: 103/126 MP: 15/15
  5583 | Lair:5   | Received a gift from Trog
  5733 | Lair:5   | Found a staircase to the Slime Pits.
  5863 | Slime:1  | Entered Level 1 of the Pits of Slime
  5863 | Slime:1  | Noticed an acid blob
  5952 | Lair:4   | Reached skill level 1 in Evocations
  6312 | D:11     | Noticed Erolcha
  6322 | D:11     | Killed Erolcha
  6323 | D:11     | Reached skill level 5 in Evocations
  6396 | D:11     | Received a gift from Trog
  6440 | D:11     | Noticed Lodul
  6453 | D:11     | Killed Lodul
  6473 | D:11     | Noticed Grum
  6488 | D:11     | Killed Grum
  6489 | D:11     | Reached XP level 15. HP: 114/132 MP: 16/16
  6507 | D:11     | Found Toizopa's Assorted Antiques.
  6512 | D:11     | Bought a potion of might for 84 gold pieces
  6512 | D:11     | Bought a scroll of teleportation for 63 gold pieces
  6512 | D:11     | Bought a scroll labelled PONUTREMAB for 21 gold pieces
  6512 | D:11     | Bought a condenser vane for 840 gold pieces
  6775 | D:11     | Reached XP level 16. HP: 69/139 MP: 18/23
  6816 | D:12     | Found Rofett's Distillery.
  6844 | D:12     | Bought a potion of heal wounds for 70 gold pieces
  6844 | D:12     | Bought a potion of haste for 140 gold pieces
  6844 | D:12     | Bought a potion of mutation for 112 gold pieces
  6844 | D:12     | Bought a potion of magic for 112 gold pieces
  7000 | D:12     | Reached skill level 10 in Evocations
  7161 | D:12     | Found the +5 demon whip "Spellbinder" {antimagic, Will+}
  7209 | D:12     | Found a staircase to the Orcish Mines.
  7224 | D:12     | Reached ****** piety under Trog
  7228 | D:12     | Received a gift from Trog
  7265 | Orc:1    | Entered Level 1 of the Orcish Mines
  7430 | Orc:2    | Entered Level 2 of the Orcish Mines
  7447 | Orc:2    | Found a staircase to the Elven Halls.
  7494 | Orc:2    | Found Archoidu's General Store.
  7575 | Orc:2    | Found Capt's Antique Armour Shoppe.
  7575 | Orc:2    | Found Omeoce Firah's Antique Weapon Shop.
  7575 | Orc:2    | Found Sulugilu's General Store.
  7575 | Orc:2    | Found Zavviefua's General Store.
  7583 | Orc:2    | Reached skill level 15 in Armour
  7614 | Orc:2    | Reached XP level 17. HP: 19/146 MP: 5/24
  7621 | Orc:2    | Received a gift from Trog
  7664 | Orc:2    | Bought a scroll of teleportation for 42 gold pieces
  7750 | Elf:1    | Entered Level 1 of the Elven Halls
  7789 | Orc:2    | Found Pyvota Paut's Weapon Shop.
  8214 | Snake:1  | Entered Level 1 of the Snake Pit
  8214 | Snake:1  | Found Ynyzug's Antique Armour Emporium.
  8219 | Snake:1  | Bought a pair of smouldering gloves for 351 gold pieces
  8219 | Snake:1  | Identified the +1 pair of gloves of Poor Excuses {rElec
                  | Will+ Int+8} (You bought it in a shop on level 1 of the
                  | Snake Pit)
  8394 | Snake:1  | Found Wihof's Distillery.
  8403 | Snake:1  | Bought a potion of heal wounds for 95 gold pieces
  8403 | Snake:1  | Bought a potion of heal wounds for 95 gold pieces
  8403 | Snake:1  | Bought a potion of haste for 190 gold pieces
  8545 | Snake:2  | Reached skill level 1 in Shields
  8619 | Snake:2  | Noticed Vashnia
  8634 | Snake:2  | Received a gift from Trog
  8636 | Snake:2  | Reached skill level 5 in Shields
  8644 | Snake:2  | Killed Vashnia
  8663 | Snake:2  | Noticed Asterion
  8684 | Snake:2  | Killed Asterion
  8697 | Snake:2  | Found a runed translucent gate.
  8697 | Snake:2  | Found a runed translucent gate.
  8697 | Snake:2  | Found a runed translucent gate.
  8701 | Snake:2  | Found an opulent altar of Gozag.
  8701 | Snake:2  | Noticed Dittersdorf's ghost (adept MiBe)
  8702 | Snake:2  | Found Qubuerphiuti's Assorted Antiques.
  8703 | Snake:2  | Found Angiett's Assorted Antiques.
  9058 | Snake:3  | Reached skill level 10 in Shields
  9171 | Snake:4  | Entered Level 4 of the Snake Pit
  9191 | Snake:4  | Noticed a nagaraja
  9207 | Snake:4  | Killed a nagaraja
  9222 | Snake:4  | Gained mutation: You passively map a large area around you.
                  | [Meteoran growth]
  9222 | Snake:4  | Reached XP level 18. HP: 51/154 MP: 25/25
  9359 | Snake:4  | Received a gift from Trog
  9806 | Snake:4  | Found an ornate altar of the Wu Jian Council.
  9901 | Snake:4  | Received a gift from Trog
  9902 | Snake:4  | Reached skill level 15 in Shields
 10110 | Snake:4  | Got a serpentine rune of Zot
 10365 | Snake:1  | Found a snail-covered altar of Cheibriados.
 10377 | Snake:1  | Found Tiw Muij's Assorted Antiques.
 10382 | Snake:1  | Bought a scroll of fog for 140 gold pieces
 10546 | Lair:3   | Reached XP level 19. HP: 142/160 MP: 26/26
 10674 | Lair:3   | Found a staircase to the Swamp.
 10692 | Swamp:1  | Entered Level 1 of the Swamp
 10706 | Swamp:1  | Found a transporter.
 10707 | Swamp:1  | Noticed Tiocfaidh's ghost (journeyman HuCK)
 10727 | Swamp:1  | Found a transporter.
 10744 | Swamp:1  | Received a gift from Trog
 10773 | Swamp:1  | Killed Tiocfaidh's ghost
 11442 | Swamp:3  | Received a gift from Trog
 11669 | Swamp:4  | Entered Level 4 of the Swamp
 11947 | Swamp:4  | Reached skill level 15 in Fighting
 12184 | Swamp:4  | Reached XP level 20. HP: 149/179 MP: 27/27
 12250 | Swamp:4  | Got a decaying rune of Zot
 12510 | Swamp:1  | Received a gift from Trog
 12783 | Slime:1  | Gained mutation: You occasionally lose the ability to read
                  | scrolls when taking damage. [a shining eye]
 12785 | Slime:1  | Gained mutation: You occasionally shout uncontrollably at
                  | your foes. [a shining eye]
 13185 | Slime:3  | Received a gift from Trog
 13279 | Slime:5  | Entered Level 5 of the Pits of Slime
 13661 | Slime:5  | Gained mutation: Your body sometimes deteriorates upon
                  | taking damage. [a shining eye]
 13675 | Slime:5  | Noticed the Royal Jelly
 13676 | Slime:5  | Found a viscous altar of Jiyva.
 13714 | Slime:5  | Reached XP level 21. HP: 123/198 MP: 4/28
 13720 | Slime:5  | HP: 4/198 [drowned by a quicksilver ooze[the Royal Jelly]
                  | (6)]
 13720 | Slime:5  | Annihilated by a rockslime

Illustrated notes

Levels and vault maps discovered:
D:1:      dpeg_arrival_ternary, layout_basic
D:2:      layout_loops_ring, basic_ecumenical_altar, serial_shops, shop,
          glass_columns_b, uniq_crazy_yiuf_cottage, uniq_robin
D:3:      layout_basic
D:4:      layout_cave_pools, minmay_temple_entry_stoned_glass,
          nicolae_wormholes, uniq_ijyb
D:5:      layout_basic, marbit_many_paths, nrook_pool_corridor,
          uniq_prince_ribbit1
D:6:      layout_basic, mainiacjoe_overflow_alcove_2
D:7:      layout_layer_cave
D:8:      layout_basic, minivault_12
D:9:      layout_roguey, hangedman_abyss_or_decor_lesser_grid
D:10:     gammafunk_cloud_chamber, layout_cave_pools, david_lair_generic,
          serial_column_ruins, column_ruins_circle_medium,
          column_ruins_hut_water, column_ruins_open_small,
          column_ruins_open_tiny, column_ruins_columns_straight,
          column_ruins_open_tiny
D:11:     layout_gridville, serial_shops, nicolae_shop_hallway_plus, uniq_grum,
          uniq_erolcha, uniq_lodul
D:12:     minmay_the_grid_3x3 [minmay_the_grid_tiny_cups,
          minmay_the_grid_garden, minmay_the_grid_stretched_grid,
          minmay_the_grid_fan, minmay_the_grid_dragon_a,
          minmay_the_grid_large_cup, minmay_the_grid_rooms, minmay_the_grid_x,
          minmay_the_grid_prize_shrinking_boxes], layout_grid_maze,
          zombieorc2_lemuel, serial_shops, nicolae_shop_hallway_stairs
Lair:1:   layout_cave_pods, grunt_megastairs_2, uniq_harold
Lair:2:   layout_regular_city, kennysheep_abandoned_house, grunt_megastairs_3,
          uniq_sonja
Lair:3:   layout_roguey, palyth_hydra_swamp_entry,
          minmay_snake_entry_spellcaster
Lair:4:   layout_cellular_growth, basic_altar, nzn_sisyphean_effort
Lair:5:   wormcave, layout_gridlike, hangedman_lair_caniforms_friends,
          minmay_slime_entry_pillars, lemuel_fruit_tree, uniq_nessos
Swamp:1:  layout_falls_marsh, gammafunk_ghost_mausoleum,
          nicolae_swamp_feature_on_the_river_bank, swamp_pool5,
          nicolae_swamp_oxbows, infiniplex_staircase_pool
Swamp:2:  layout_falls_marsh, hangedman_swamp_pad
Swamp:3:  layout_basic_swamp, evilmike_swamp_ruin_rubble_2, swamp_pool4,
          nicolae_swamp_little_swirl
Swamp:4:  swamp_basic_johnstein, layout_basic_swamp
Snake:1:  layout_layer_cave, special_room, serial_shops, shop, shop,
          nicolae_shop_hallway_stairs, shop, nicolae_square_shop, basic_altar,
          uniq_roxanne
Snake:2:  layout_onion, ebering_ghost_gozag, abandoned_shop,
          nicolae_snake_bzzzt, grunt_megastairs_4, uniq_vashnia, uniq_asterion
Snake:3:  nrook_guardian_serpent_snake_passage, layout_gridlike, basic_altar,
          nicolae_triple_integral
Snake:4:  grunt_snake_rune_serpentine_throne, layout_gridlike, basic_altar
Slime:1:  layout_caves
Slime:2:  layout_caves
Slime:3:  nicolae_slime_pool, layout_caves
Slime:4:  layout_caves
Slime:5
Orc:1:    layout_caves
Orc:2:    st_orc_ogre_mass, layout_diamond_mine, serial_shops,
          nicolae_shop_stone, guppyfry_orc_lava_fort
Elf:1:    nicolae_elf_arrival_fired_up, layout_loops_cross, serial_shops,
          nicolae_shop_trees, evilmike_minifort, nrook_mini_backslash,
          evilmike_ambush [evilmike_ambush_outer_basic,
          evilmike_ambush_inner_pond], uniq_nikola

Skill      XL: |  1  2  3  4  5  6  7  8  9 10 11 12 13 14 15 16 17 18 19 20 |
---------------+-------------------------------------------------------------+-----
Axes           | 4 5 6 7 8 10 12 14 16 17 20 | 20.0
Fighting       | 8 12 15 19 | 19.2
Armour         | 6 12 16 17 19 20 | 20.0
Dodging        | 4 10 | 10.0
Evocations     | 7 8 10 | 10.0
Invocations    | 8 |  8.2
Shields        | 10 15 | 15.0

Action                   |  1- 3 |  4- 6 |  7- 9 | 10-12 | 13-15 | 16-18 | 19-21 || total
-------------------------+-------+-------+-------+-------+-------+-------+-------++-------
Melee: Hand axe          |    73 |   135 |       |       |       |       |       ||   208
       Unarmed           |     3 |     1 |       |       |       |       |       ||     4
       War axe           |       |    11 |   195 |   425 |   100 |       |       ||   731
       Punch             |       |       |     5 |     3 |     1 |       |       ||     9
       Battleaxe         |       |       |       |       |   351 |       |       ||   351
       Broad axe         |       |       |       |       |    43 |   929 |   817 ||  1789
Invok: Berserk           |     1 |     3 |     4 |     7 |     6 |    11 |     6 ||    38
       Trog's Hand       |       |       |       |       |     2 |     3 |     2 ||     7
       Brothers in Arms  |       |       |       |       |       |       |     1 ||     1
Evoke: Wand              |       |       |       |     6 |     4 |     1 |     1 ||    12
       Tin of tremorston |       |       |       |       |       |     4 |     2 ||     6
       Condenser vane    |       |       |       |       |       |     1 |     1 ||     2
       Phantom mirror    |       |       |       |       |       |       |     2 ||     2
  Use: Scroll            |       |       |       |    23 |     9 |     5 |     2 ||    39
       Potion            |       |       |       |     1 |     4 |     7 |     3 ||    15
 Stab: Petrified         |       |       |       |       |     3 |       |       ||     3
       Confused          |       |       |       |       |       |       |     4 ||     4
Armor: Animal skin       |    13 |       |       |       |       |       |       ||    13
       Scale mail        |    18 |    43 |       |       |       |       |       ||    61
       Skin              |       |     1 |       |       |       |       |       ||     1
       Ring mail         |       |    15 |    99 |    60 |       |       |       ||   174
       Plate armour      |       |       |       |   212 |   401 |   510 |   543 ||  1666
Dodge: Dodged            |    35 |    63 |    91 |   160 |   282 |   361 |   276 ||  1268
Block: Buckler           |       |       |       |     9 |       |       |       ||     9
       Kite shield       |       |       |       |       |       |   286 |   577 ||   863
